 Dungeon Crawl Stone Soup version 0.20-a0-1040-gfd09691 (webtiles) character file.

32779 Wendigo the Fighter (level 13, -3/101 HPs)
             Began as a Gnoll Abyssal Knight on Apr 22, 2017.
             Was the Champion of Lugonu.
             Slain by a yak (6 damage)
             ... on level 5 of the Lair of Beasts on Apr 23, 2017.
             The game lasted 01:17:13 (23521 turns).

Wendigo the Fighter (Gnoll Abyssal Knight)         Turns: 23521, Time: 01:17:14

Health: -3/101     AC: 15    Str: 15    XL:     13   Next: 66%
Magic:  22/25      EV: 14    Int: 12    God:    Lugonu [******]
Gold:   946        SH:  0    Dex: 15    Spells: 18/28 levels left

rFire    + + .     SeeInvis .   a - +2 triple sword (flame)
rCold    + . .     Gourm    .   (shield currently unavailable)
rNeg     . . .     Faith    +   I - +1 fire dragon scales
rPois    .         Spirit   .   e - +2 helmet
rElec    .         Reflect  .   (no cloak)
rCorr    .         Harm     .   (no gloves)
MR       .....                  (no boots)
Stlth    ++........             p - amulet of Uwkuuhiq {Faith rC+}
Regen    0.3/turn               h - ring of protection from cold
MPRegen  0.2/turn               G - ring of wizardry

@: no status effects
A: short attention span, fangs 1, strong nose
a: Depart the Abyss, Bend Space, Banish, Corrupt, Enter the Abyss, Brand Weapon
With Distortion, Renounce Religion


You were on level 5 of the Lair of Beasts.
You worshipped Lugonu.
Lugonu was exalted by your worship.
You were not hungry.

You visited 2 branches of the dungeon, and saw 16 of its levels.
You visited the Abyss 1 time.
You also visited: Volcano.

You collected 1276 gold pieces.
You spent 330 gold pieces at shops.

Inventory:

Hand Weapons
 a - a +2 triple sword of flaming (weapon)
 b - a +1 shortbow of flaming
Missiles
 u - 363 arrows
Armour
 e - a +2 helmet (worn)
 I - +1 fire dragon scales (worn)
 O - a +1 troll leather armour
Jewellery
 f - an uncursed ring of protection from fire
 h - a ring of protection from cold (left hand)
 j - an uncursed ring of see invisible
 m - a +3 ring of protection
 p - the amulet of Uwkuuhiq (around neck) {Faith rC+}
   (You acquired it on level 4 of the Lair of Beasts)

   [amulet of faith]

   It allows you to gain divine favour quickly.
   It protects you from cold.
 q - an uncursed amulet of rage
 D - a +4 ring of strength
 G - a ring of wizardry (right hand)
Wands
 v - a wand of scattershot (6/9)
 K - a wand of enslavement (13/24)
 S - a wand of paralysis (24/24)
 Z - a wand of digging (10/24)
Scrolls
 o - 2 scrolls of identify
 s - 6 scrolls of recharging
 t - a scroll of noise
 w - 3 scrolls of amnesia
 x - 8 scrolls of remove curse
 y - a scroll of silence
 J - a scroll of vulnerability
 P - 2 scrolls of teleportation
 W - 3 scrolls of blinking
Potions
 d - 2 potions of curing
 g - a potion of mutation {unknown}
 r - 5 potions of agility
 z - a potion of invisibility
 A - a potion of lignification
 C - 4 potions of brilliance
 E - 4 potions of flight
 F - 3 potions of berserk rage
 H - 3 potions of might
 L - a potion of magic
 R - 2 potions of haste
 V - 4 potions of resistance
 Y - 2 potions of heal wounds
Books
 i - a book of Changes

   Spells                             Type                      Level
   a - Beastly Appendage              Transmutation                1
   b - Sticks to Snakes               Transmutation                2
   c - Spider Form                    Transmutation/Poison         3
   d - Ice Form                       Ice/Transmutation            4
   e - Blade Hands                    Transmutation                5
 B - a book of Necromancy

   Spells                             Type                      Level
   a - Pain                           Necromancy                   1
   b - Animate Skeleton               Necromancy                   1
   c - Vampiric Draining              Necromancy                   3
   d - Regeneration                   Charms/Necromancy            3
   e - Animate Dead                   Necromancy                   4
   f - Control Undead                 Necromancy                   4
 M - a book of Callings

   Spells                             Type                      Level
   a - Summon Small Mammal            Summoning                    1
   b - Call Imp                       Summoning                    2
   c - Call Canine Familiar           Summoning                    3
   d - Summon Guardian Golem          Hexes/Summoning              3
   e - Summon Lightning Spire         Summoning/Air                4
   f - Summon Ice Beast               Ice/Summoning                4
 N - a book of Transfigurations

   Spells                             Type                      Level
   a - Irradiate                      Conjuration/Transmutation    5
   b - Statue Form                    Transmutation/Earth          6
   c - Hydra Form                     Transmutation                6
   d - Dragon Form                    Transmutation                7
 T - a book of Debilitation

   Spells                             Type                      Level
   a - Corona                         Hexes                        1
   b - Slow                           Hexes                        2
   c - Inner Flame                    Hexes/Fire                   3
   d - Portal Projectile              Hexes/Translocation          3
   e - Cause Fear                     Hexes                        4
   f - Leda's Liquefaction            Hexes/Earth                  4
 U - a book of Battle

   Spells                             Type                      Level
   a - Infusion                       Charms                       1
   b - Shroud of Golubria             Charms/Translocation         2
   c - Song of Slaying                Charms                       2
   d - Spectral Weapon                Hexes/Charms                 3
   e - Regeneration                   Charms/Necromancy            3
Comestibles
 c - 6 bread rations
 k - 7 meat rations
 l - 42 fruits
 n - 8 royal jellies
 Q - 4 chunks of flesh


   Skills:
 - Level 9.5 Fighting
 - Level 9.0 Long Blades
 - Level 8.0 Bows
 - Level 9.4 Armour
 - Level 9.4 Dodging
 + Level 7.2 Stealth
 - Level 8.0 Spellcasting
 - Level 8.0 Hexes
 - Level 8.0 Charms
 - Level 8.0 Summonings
 - Level 8.0 Necromancy
 - Level 8.0 Air Magic
 - Level 7.0 Invocations
 - Level 7.1 Evocations


You had 18 spell levels left.
You knew the following spells:

 Your Spells              Type           Power        Failure   Level  Hunger
a - Summon Lightning Spi  Summ/Air       ###.....     9%          4    ####...
b - Regeneration          Chrm/Necr      ###.......   2%          3    ##.....
c - Spectral Weapon       Hex/Chrm       ###.....     2%          3    ##.....


Dungeon Overview and Level Annotations

Branches:
Dungeon (11/15)            Temple (0/1) D:7            Lair (5/6) D:11
 Shoals (0/4) Lair:4        Snake (0/4) Lair:3          Orc (0/2) D:11
  Slime: Lair:5-6

Altars:
Ashenzari
Dithmenos
Elyvilon
Makhleb
Okawaru
Qazlal
Trog
Zin

Shops:
D:7 (

Annotations:
D:10 exclusion: downstairs
Abyss:1 Erolcha, Grinder, Urug


Innate Abilities, Weirdness & Mutations

You have a short attention span.
You have very sharp teeth.
Your uncanny sense of smell can sniff out nearby items.


Message History

Your lightning spire shoots out a bolt of lightning at the yak!
The bolt of electricity hits the yak.
The yak completely misses you.
You riposte.
You barely miss the yak. The yak gores you but does no damage.
The yak gores you.
* * * LOW HITPOINT WARNING * * *
The yak gores you!
* * * LOW HITPOINT WARNING * * *
The yak gores you!
* * * LOW HITPOINT WARNING * * *
The yak gores you.
* * * LOW HITPOINT WARNING * * *
You slash the yak! You burn the yak.
The yak is moderately wounded.
Your lightning spire shoots out a bolt of lightning at the yak!
The bolt of electricity hits the yak.
The yak gores you.
* * * LOW HITPOINT WARNING * * *
The yak closely misses you.
You riposte.
You slash the yak! You burn the yak.
The yak is severely wounded.
The yak gores you.
You die...

.### .#.# ##..... .... .
#........ P# ##... ...........
### ##....... ...........##...#
##.##........ ....#.....##.P.#
.##...#P......####..##.....##.P..
..............YY#................
........>.....YY@Y...............
...............YYY...............
...............8.................
.....<......#......#.............
.#..####.....#..#.###........P...
####### ...#########....##.#.P.##
.###..##... #####.....####.####
.#P......... ##..##......#.#..###
......P.....##............#......


You could see 8 yaks and a friendly lightning spire.

Vanquished Creatures
  Gastronok (Lair:3)
  Josephine (D:11)
  Fannar (D:11)
  Harold (D:11)
  2 hydras
  Erica (D:8)
  A two-headed ogre (D:9)
  An unseen horror (D:11)
  A cyclops (D:11)
  A manticore (D:11)
  2 black mambas
  6 spiny frogs
  2 komodo dragons
  A yaktaur (Volcano)
  3 trolls
  7 hippogriffs
  3 wyverns
  The ghost of derval the Magician, an amateur DECj (D:4)
  3 wraiths
  22 yaks
  2 basilisks
  3 hungry ghosts
  2 nagas (Lair:3)
  8 water moccasins
  9 porcupines
  4 ice beasts
  8 orc warriors
  6 sky beasts
  A phantom (D:6)
  6 black bears
  4 necrophages
  4 wolves
  10 centaurs
  7 ogres
  7 crocodiles
  4 big kobolds
  14 bullfrogs
  A gnoll sergeant (D:7)
  2 scorpions
  8 killer bees (D:10)
  5 howler monkeys
  2 electric eels
  5 crimson imps
  A bullfrog zombie (D:7)
  6 hounds
  2 jellies
  9 orc priests
  3 bullfrog skeletons
  A centaur skeleton (D:9)
  A gnoll shaman (D:7)
  13 orc wizards
  5 iguanas
  12 worker ants
  Terence (D:2)
  A hound skeleton (D:8)
  2 hound zombies
  A worker ant zombie (D:8)
  Robin (D:3)
  12 adders
  12 gnolls
  3 river rats (D:3)
  4 shadow imps
  An ooze (D:1)
  An adder skeleton (D:5)
  7 worms
  2 dart slugs (D:1)
  7 leopard geckos
  39 orcs
  A ball python (D:3)
  2 giant cockroaches
  22 goblins
  22 hobgoblins
  14 jackals
  5 quokkas
  11 bats
  6 frilled lizards
  20 kobolds
  A leopard gecko skeleton (D:5)
  A quokka skeleton (D:4)
  A quokka zombie (D:5)
  10 rats
  2 plants
448 creatures vanquished.

Vanquished Creatures (collateral kills)
  A two-headed ogre (D:11)
  A hell knight (Volcano)
  A black mamba (Lair:5)
  4 spiny frogs
  A rime drake (Lair:3)
  A wraith (D:11)
  6 yaks
  A porcupine (Lair:3)
  An orc warrior (D:11)
  2 wolves (Lair:1)
  A bullfrog (Lair:1)
  An orc priest (D:11)
  An orc wizard (D:11)
  A worker ant (D:11)
23 creatures vanquished.

Vanquished Creatures (others)
  2 two-headed ogres
  The ghost of r4s the Covert, a journeyman FeCK of Xom (Volcano)
  A sixfirhy (D:9)
  A troll (D:7)
  An ogre (D:7)
  A centaur (Volcano)
  A gnoll sergeant (D:7)
  A gnoll (D:5)
  A bush (Lair:5)
  3 fungi
  9 plants
  6 spectral weapons
28 creatures vanquished.

Grand Total: 499 creatures vanquished

Notes
Turn   | Place    | Note
-------+----------+-------------------------------------------
     0 | Abyss:1  | Wendigo the Gnoll Abyssal Knight began the quest for the Orb.
     0 | Abyss:1  | Reached XP level 1. HP: 20/20 MP: 2/2
    19 | D:1      | Escaped the Abyss
   136 | D:1      | Reached XP level 2. HP: 10/26 MP: 4/4
   756 | D:1      | Reached XP level 3. HP: 26/31 MP: 5/5
   992 | D:1      | Reached ** piety under Lugonu
  1265 | D:1      | Reached skill level 5 in Long Blades
  1442 | D:2      | Reached XP level 4. HP: 32/38 MP: 6/6
  2383 | D:3      | Noticed Robin
  2398 | D:3      | Reached XP level 5. HP: 38/43 MP: 7/7
  2399 | D:3      | Reached *** piety under Lugonu
  2695 | D:3      | Killed Robin
  3615 | D:3      | Noticed Grinder
  3623 | D:3      | Banished Grinder
  3623 | D:3      | Reached skill level 5 in Fighting
  3623 | D:3      | Reached XP level 6. HP: 51/51 MP: 8/8
  3768 | D:3      | Noticed Terence
  3769 | D:3      | Found an iron altar of Okawaru.
  3833 | D:2      | Killed Terence
  5269 | D:4      | Reached XP level 7. HP: 56/57 MP: 10/10
  5423 | D:4      | Noticed derval's ghost (amateur DECj)
  5447 | D:4      | Killed derval's ghost
  5447 | D:4      | Reached skill level 5 in Armour
  5447 | D:4      | Reached skill level 5 in Invocations
  6032 | D:5      | Entered Level 5 of the Dungeon
  6404 | D:5      | Reached skill level 5 in Dodging
  6623 | D:5      | Reached XP level 8. HP: 57/65 MP: 12/12
  6660 | D:5      | Found a white marble altar of Elyvilon.
  6768 | D:5      | Reached **** piety under Lugonu
  7601 | D:6      | Found a burning altar of Makhleb.
  8478 | D:6      | Reached skill level 1 in Bows
  8850 | D:7      | Found a bloodstained altar of Trog.
  8874 | D:6      | Reached XP level 9. HP: 65/72 MP: 14/14
  8908 | D:7      | Reached skill level 5 in Bows
  8925 | D:7      | Found a shattered altar of Ashenzari.
  8927 | D:7      | Found a glowing silver altar of Zin.
  9206 | D:7      | Found a staircase to the Ecumenical Temple.
  9349 | D:7      | Found Rotaw's Weapon Emporium.
 10268 | D:7      | Noticed a troll
 10278 | D:7      | Banished a troll
 11665 | D:7      | Reached XP level 10. HP: 80/80 MP: 15/15
 11808 | D:7      | Found a stormy altar of Qazlal.
 11982 | D:7      | Bought a +2 triple sword of flaming for 330 gold pieces
 12118 | D:8      | Noticed Erica
 12128 | D:8      | Killed Erica
 12209 | D:8      | Noticed a two-headed ogre
 12229 | D:8      | Banished a two-headed ogre
 12901 | D:9      | Found a shadowy altar of Dithmenos.
 13105 | D:9      | Found a runed door.
 13114 | D:9      | Noticed a sixfirhy
 13129 | D:9      | Banished a sixfirhy
 13182 | D:9      | Noticed a two-headed ogre
 13192 | D:9      | Killed a two-headed ogre
 13192 | D:9      | Reached XP level 11. HP: 63/89 MP: 16/16
 13248 | D:9      | Learned a level 4 spell: Summon Lightning Spire
 13279 | D:9      | Reached skill level 1 in Air Magic
 13322 | D:9      | Reached skill level 1 in Summonings
 13344 | D:9      | Reached skill level 1 in Spellcasting
 13830 | D:9      | Learned a level 3 spell: Regeneration
 13883 | D:10     | Entered Level 10 of the Dungeon
 13887 | D:10     | Noticed Urug
 13901 | D:10     | Banished Urug
 13901 | D:10     | Reached skill level 1 in Charms
 13901 | D:10     | Reached skill level 1 in Necromancy
 14010 | D:10     | Noticed a two-headed ogre
 14042 | D:9      | Banished a two-headed ogre
 14291 | D:10     | Reached skill level 5 in Summonings
 14475 | D:10     | Reached skill level 5 in Air Magic
 14653 | D:10     | Noticed Erolcha
 14655 | D:10     | Banished Erolcha
 14741 | D:10     | Learned a level 3 spell: Spectral Weapon
 14914 | D:11     | Reached skill level 1 in Hexes
 15056 | D:11     | Reached ***** piety under Lugonu
 15128 | D:11     | Found a staircase to the Lair.
 15147 | D:11     | Noticed an unseen horror
 15157 | D:11     | Killed an unseen horror
 15157 | D:11     | Reached skill level 5 in Charms
 15405 | D:11     | Noticed a manticore
 15415 | D:11     | Killed a manticore
 15415 | D:11     | Reached skill level 5 in Necromancy
 15415 | D:11     | Reached XP level 12. HP: 57/96 MP: 13/17
 15529 | D:11     | Noticed Harold
 15641 | D:11     | Killed Harold
 15641 | D:11     | Reached skill level 5 in Hexes
 15681 | D:11     | Noticed Josephine
 16166 | D:11     | Noticed a two-headed ogre
 16398 | D:11     | Killed Josephine
 16488 | D:11     | Noticed Fannar
 16592 | D:11     | Killed Fannar
 16847 | D:11     | Reached skill level 1 in Stealth
 16862 | D:11     | Killed a two-headed ogre
 16972 | D:11     | Found a staircase to the Orcish Mines.
 17093 | Lair:1   | Entered Level 1 of the Lair of Beasts
 17116 | Lair:1   | Reached skill level 5 in Stealth
 17971 | Lair:2   | Noticed a four-headed hydra
 17977 | Lair:2   | Killed a two-headed hydra
 17977 | Lair:2   | Reached skill level 5 in Spellcasting
 18610 | Lair:2   | Reached XP level 13. HP: 101/101 MP: 23/23
 19035 | Lair:2   | Upgraded the game from 0.20-a0-1039-gf554463 to 0.20-a0-1040-gfd09691
 19224 | Lair:3   | Found a staircase to the Snake Pit.
 19294 | Lair:3   | Reached skill level 5 in Evocations
 19350 | Lair:3   | Found a dark tunnel.
 19359 | Volcano  | Entered a volcano
 19380 | Volcano  | Found a bloodstained altar of Trog.
 19390 | Volcano  | Killed r4s's ghost
 19497 | Volcano  | Reached ****** piety under Lugonu
 20472 | Lair:3   | Noticed Gastronok
 20485 | Lair:3   | Killed Gastronok
 21751 | Lair:4   | Found a staircase to the Shoals.
 22438 | Lair:4   | Identified a scroll of acquirement
 22439 | Lair:4   | Got a slimy graven amulet
 22440 | Lair:4   | Identified the amulet of Uwkuuhiq {Faith rC+} (You acquired it on level 4 of the Lair of Beasts)
 23521 | Lair:5   | HP: 3/101 [yak (5)]
 23521 | Lair:5   | Slain by a yak

Vault maps used:
D:1:      dpeg_chamrin_arrival_tetris, hangedman_decor_push
D:3:      okawaru_trees_1, lightli_sewer_entry_pipes, uniq_grinder,
          uniq_terence, uniq_robin
D:4:      first_bread
D:5:      lemuel_round_altar, lemuel_flamethrower_1
D:6:      old_standard_altar
D:7:      kennysheep_housing_project, marbit_many_paths,
          grunt_temple_overflow_open, minmay_temple_entry_hall, serial_shops,
          shop_fountains
D:8:      uniq_erica
D:9:      cheibrodos_shockbox, nicolae_dithmenos_shadow_blocks,
          blue_anna_alchemist, minmay_misc_feat_rows
D:10:     eino_jars, uniq_urug, uniq_erolcha
D:11:     minmay_lair_entry_grove, erik_orc_2, uniq_harold, uniq_fannar,
          uniq_josephine
Lair:2:   special_room
Lair:3:   guppyfry_snake_entry_garden, nicolae_volcano_entry_two_sided,
          st_stairs_13, uniq_gastronok
Lair:4:   elwin_shoals_entry_rooms
Volcano:  kennysheep_volcano_temple

Skill      XL: |  1  2  3  4  5  6  7  8  9 10 11 12 13 |
---------------+----------------------------------------+-----
Dodging        | 2 3 4 5 7 9 |  9.4
Long Blades    | 4 5 6 7 8 9 |  9.0
Invocations    | 3 4 5 7 |  7.0
Fighting       | 5 6 7 9 |  9.5
Armour         | 4 5 7 9 |  9.4
Bows           | 3 8 |  8.0
Air Magic      | 6 7 8 |  8.0
Summonings     | 6 7 8 |  8.0
Spellcasting   | 2 7 8 |  8.0
Charms         | 5 7 8 |  8.0
Necromancy     | 5 7 8 |  8.0
Hexes          | 4 7 8 |  8.0
Stealth        | 6 7 |  7.2
Evocations     | 7 |  7.1

Action                   |  1- 3 |  4- 6 |  7- 9 | 10-12 | 13-15 || total
-------------------------+-------+-------+-------+-------+-------++-------
Melee: Falchion          |   116 |   304 |   679 |    43 |       ||  1142
       Bite              |    10 |    34 |    97 |    69 |    27 ||   237
       Triple sword      |       |       |       |   406 |   157 ||   563
 Fire: Shortbow          |       |       |    45 |   122 |    17 ||   184
 Cast: Regeneration      |       |       |       |    11 |     9 ||    20
       Summon Lightning  |       |       |       |    17 |    20 ||    37
       Spectral Weapon   |       |       |       |    11 |     9 ||    20
Invok: Bend Space        |       |     2 |       |     1 |     4 ||     7
       Banish            |       |     1 |     5 |     7 |     2 ||    15
  Use: Scroll            |       |     6 |     2 |    16 |     9 ||    33
       Potion            |       |       |     1 |     1 |     1 ||     3
 Stab: Distracted        |       |       |       |     3 |     3 ||     6
       Sleeping          |       |       |       |     2 |       ||     2
  Eat: Chunk             |     2 |    13 |    25 |    28 |    16 ||    84
       Bread ration      |       |       |       |     2 |     1 ||     3
Armor: Leather armour    |    21 |    45 |       |       |       ||    66
       Scale mail        |       |    46 |   204 |       |       ||   250
       Plate armour      |       |       |    64 |    46 |       ||   110
       Troll leather arm |       |       |       |   174 |    18 ||   192
       Fire dragon scale |       |       |       |       |    99 ||    99
Dodge: Dodged            |   103 |   157 |   268 |   586 |   190 ||  1304
       Rpst.: Falchion   |    37 |    52 |    88 |     4 |       ||   181
       Triple sword      |       |       |       |   144 |    44 ||   188
